 Dungeon Crawl Stone Soup version 0.26.0-8-g74fc34ddfb (webtiles) character file.

Game seed: 712512330344943236

42 Froggeryz the Ducker (level 3, -3/17 HPs)
             Began as a Felid Berserker on Jan 12, 2021.
             Was a Follower of Trog.
             Slain by Jessica
             ... wielding a +6 club
              (9 damage)
             ... on level 2 of the Dungeon.
             The game lasted 00:01:33 (1843 turns).

Froggeryz the Ducker (Felid Berserker)              Turns: 1843, Time: 00:01:34

Health: -3/17      AC:  1    Str: 14    XL:     3   Next: 35%
Magic:  4/4        EV: 19    Int:  8    God:    Trog [*.....]
Gold:   45         SH:  0    Dex: 15    Spells: 2/2 levels left
                                        Lives:  0   Deaths: 0

rFire    . . .     SeeInvis +     - Unarmed
rCold    . . .     Faith    .   (shield unavailable)
rNeg     . . .     Spirit   .   (armour unavailable)
rPois    .         Reflect  .   (helmet unavailable)
rElec    .         Harm     .   (cloak unavailable)
rCorr    .         Rampage  .   (gloves unavailable)
Will     .....                  (boots unavailable)
Stlth    ++........             (no amulet)
HPRegen  0.05/turn              (no ring)
MPRegen  0.09/turn              (no ring)

@: berserk cooldown, slowed, slow
A: very small, no armour, no weapons or thrown items, stealth, claws 1, fangs 3,
see invisible, speed 1, shaggy fur 1, sharp paws
a: Renounce Religion, Berserk


You were on level 2 of the Dungeon.
You worshipped Trog.
Trog was aware of your devotion.
You visited 1 branch of the dungeon, and saw 2 of its levels.

You collected 45 gold pieces.

Inventory:

Jewellery
 d - an uncursed amulet of magic regeneration {unknown}
Scrolls
 a - a scroll of noise {unknown}
 b - a scroll of random uselessness {unknown}
 c - 3 scrolls of identify {unknown}
 f - a scroll of remove curse {unknown}
 h - a scroll of amnesia {unknown}
Potions
 e - a potion of lignification {unknown}
 g - a potion of might {unknown}
 i - a potion of haste {unknown}


   Skills:
 + Level 3.4 Fighting
 + Level 4.5 Dodging
 * Level 3.8 Unarmed Combat


You had 2 spell levels left.
You didn't know any spells.
Your spell library was empty.

Dungeon Overview and Level Annotations

Branches:
Dungeon (2/15)

Altars:
Qazlal

Annotations:
D:2 Jessica


Innate Abilities, Weirdness & Mutations

You cannot wear armour.
You are incapable of wielding weapons or throwing items.
Your paws allow you to move quietly. (Stealth)
You have sharp claws.
You have razor-sharp teeth.
You have supernaturally acute eyesight. (SInv)
You cover ground quickly.
You are covered in fur. (AC +1)
Your sharp claws are effective at attacking unaware monsters.


Message History

You barely miss Jessica. You closely miss Jessica.
Jessica hits you with a +6 club.
* * * LOW HITPOINT WARNING * * *
You are too injured to fight recklessly!
A red film seems to cover your vision as you go berserk!
You feel yourself moving faster!
You feel mighty!
Jessica gestures wildly while chanting.
Jessica blinks!
You feel a strong urge to attack something.
You feel your anger nearly subside.
A dart slug comes into view.
You are no longer berserk.
You are exhausted.
You feel yourself slow down. Jessica barely misses you.
You scratch Jessica but do no damage. Jessica misses you.
You barely miss Jessica. You bite Jessica.
Jessica is moderately wounded.
Jessica hits you with a +6 club!
Ouch! That really hurt!
You die...

.#. ..# .. ...#
###.######..w.
#.................
#................. ..
#####................ ..≈
#.........@........# .≈≈≈
#....)....@........##..≈≈#≈
#......................≈#≈≈
........................§≈§
####.!.....)..........≈#§§
........#####+#+#.#.....≈≈≈
##.####.#####.#+#'#<...≈#≈#
. #................≈≈§§
#.........).(....(.§≈
#............#.......


You could see a dart slug and Jessica.

Vanquished Creatures
  An adder (D:2)
  A worm (D:2)
  A dart slug (D:1)
  A leopard gecko (D:2)
  3 giant cockroaches
  2 goblins
  2 hobgoblins
  3 jackals (D:1)
  4 kobolds
  4 bats
  2 frilled lizards (D:1)
  2 rats
26 creatures vanquished.

Notes
Turn   | Place    | Note
-------+----------+-------------------------------------------
     0 | D:1      | Froggeryz the Felid Berserker began the quest for the Orb.
     0 | D:1      | Reached XP level 1. HP: 10/10 MP: 2/2
   766 | D:1      | Reached XP level 2. HP: 14/14 MP: 3/3
  1677 | D:2      | Reached XP level 3. HP: 17/17 MP: 4/4
  1681 | D:2      | Found a stormy altar of Qazlal.
  1830 | D:2      | Noticed Jessica
  1843 | D:2      | Slain by Jessica

Illustrated notes

Levels and vault maps discovered:
D:1:      dpeg_arrival_rhombus, layout_loops_ring
D:2:      layout_basic, marbit_many_paths, old_standard_altar,
          nicolae_qazlal_general_emergency, uniq_jessica

Action                   || total
-------------------------++-------
Melee: Unarmed           ||    74
       Bite              ||     4
Invok: Berserk           ||     3
 Stab: Sleeping          ||     5
       Distracted        ||     1
Armor: Skin              ||     7
Dodge: Dodged            ||    63
